 Dungeon Crawl Stone Soup version 0.20.0-10-g0535bb4 (webtiles) character file.

144 poirepourri the Poker (level 5, -6/39 HPs)
             Began as a Merfolk Skald on June 6, 2017.
             Mangled by a mummy (11 damage)
             ... in an ossuary.
             The game lasted 00:06:19 (4026 turns).

poirepourri the Poker (Merfolk Skald)               Turns: 4026, Time: 00:06:20

Health: -6/39      AC: 11    Str: 12    XL:     5   Next: 26%
Magic:  4/9        EV:  6    Int: 12    God:
Gold:   72         SH:  0    Dex: 14    Spells: 1/9 levels left

rFire    . . .     SeeInvis .   a - +0 spear
rCold    . . .     Gourm    .   (no shield)
rNeg     + . .     Faith    .   k - +1 chain mail
rPois    .         Spirit   .   (no helmet)
rElec    .         Reflect  .   (no cloak)
rCorr    .         Harm     .   j - +1 pair of gloves
MR       .....                  (no boots)
Stlth    ..........             (no amulet)
Regen    0.2/turn               n - ring of positive energy
MPRegen  0.2/turn               (no ring)

@: very slightly contaminated
A: change form in water, swift swim, stealthy swim
a: no special abilities


You were in an ossuary.
You were not hungry.

You visited 1 branch of the dungeon, and saw 4 of its levels.
You also visited: Ossuary.

You collected 162 gold pieces.
You spent 90 gold pieces at shops.

Inventory:

Hand Weapons
 a - a +0 spear (weapon)
 l - a +0 blowgun
Missiles
 m - 31 poisoned needles
Armour
 b - a +0 shield
 d - a +0 buckler
 j - a +1 pair of gloves (worn)
 k - a +1 chain mail (worn)
Jewellery
 n - a ring of positive energy (left hand)
Wands
 g - a wand of polymorph (6/24)
Scrolls
 e - a scroll of teleportation
 p - a scroll of remove curse
Potions
 f - 2 potions of brilliance
 h - 3 potions of curing
 q - a potion of invisibility {unknown}
 s - a potion of mutation {unknown}
Books
 c - a book of Battle

   Spells                             Type                      Level
   a - Infusion                       Charms                       1
   b - Shroud of Golubria             Charms/Translocation         2
   c - Song of Slaying                Charms                       2
   d - Spectral Weapon                Hexes/Charms                 3
   e - Regeneration                   Charms/Necromancy            3
Comestibles
 i - 2 royal jellies
 o - a meat ration
 r - 3 bread rations


   Skills:
 + Level 2.5 Fighting
 + Level 4.8 Polearms
 - Level 0.7 Armour
 + Level 3.6 Dodging
 - Level 0.2 Stealth
 + Level 2.8 Spellcasting
 + Level 4.1 Charms


You had one spell level left.
You knew the following spells:

 Your Spells              Type           Power        Failure   Level  Hunger
a - Infusion              Chrm           ##..         91%         1    #......
b - Shroud of Golubria    Chrm/Tloc      #.........   100%        2    ###....
c - Song of Slaying       Chrm           ##......     97%         2    ###....
d - Spectral Weapon       Hex/Chrm       #.......     100%        3    ###....


Dungeon Overview and Level Annotations

Branches:
Dungeon (4/15)
 Temple: D:4-7

Altars:

Shops:
D:4 *


Message History

The mummy is heavily damaged.
The mummy hits you but does no damage. The mummy closely misses you.
The bog mummy barely misses you.
There is a gate leading back out of this place here.
You hit the mummy.
The mummy is severely damaged.
The mummy hits you but does no damage.
Your chain mail prevents you from hitting the mummy.
The mummy is severely damaged.
The bog mummy barely misses you. The mummy hits you but does no damage.
You hit the mummy.
The mummy is almost destroyed.
The mummy hits you!
* * * LOW HITPOINT WARNING * * *
You completely miss the mummy.
The mummy is almost destroyed.
The bog mummy hits you.
* * * LOW HITPOINT WARNING * * *
The mummy hits you!
You die...

##### #@M.#
#MM.# #...#
##'##
..M....≈≈≈...#
'#+#+#.≈≈#.≈≈#
#.#P# #≈≈# ##
## ##


You could see 2 mummies and a bog mummy.

Vanquished Creatures
  An orc wizard (D:3)
  A mummy (D:4)
  2 adders
  A dart slug (D:2)
  4 leopard geckos
  6 orcs (D:3)
  3 giant cockroaches
  4 goblins
  8 hobgoblins
  6 jackals (D:2)
  A quokka (D:2)
  A ball python (D:1)
  4 bats
  5 frilled lizards
  11 kobolds
  13 rats
71 creatures vanquished.

Vanquished Creatures (others)
  A withered plant (Ossuary)
1 creature vanquished.

Grand Total: 72 creatures vanquished

Notes
Turn   | Place    | Note
-------+----------+-------------------------------------------
     0 | D:1      | poirepourri the Merfolk Skald began the quest for the Orb.
     0 | D:1      | Reached XP level 1. HP: 16/16 MP: 3/3
     6 | D:1      | Noticed a troll
    14 | D:1      | Noticed a vine stalker
    19 | D:1      | Noticed a merfolk zombie
   663 | D:1      | Reached XP level 2. HP: 22/22 MP: 0/5
   726 | D:1      | Learned a level 2 spell: Shroud of Golubria
   729 | D:1      | Learned a level 2 spell: Song of Slaying
  1425 | D:2      | Reached XP level 3. HP: 26/27 MP: 1/6
  1744 | D:2      | Found a faded altar of an unknown god.
  2372 | D:2      | Reached XP level 4. HP: 34/34 MP: 5/7
  2721 | D:3      | Learned a level 3 spell: Spectral Weapon
  3261 | D:3      | Reached XP level 5. HP: 35/39 MP: 5/9
  3654 | D:4      | Found Soasch's General Store.
  3659 | D:4      | Bought a scroll of enchant armour for 90 gold pieces
  3794 | D:4      | Found a sand-covered staircase.
  3994 | Ossuary  | Entered an ossuary
  4026 | Ossuary  | Mangled by a mummy

Skill      XL: |  1  2  3  4 |
---------------+-------------+-----
Dodging        | 3 |  3.6
Polearms       | 4 |  4.8
Charms         | 4 |  4.1
Fighting       | |  2.5
Armour         | |  0.7
Stealth        | |  0.2
Spellcasting   | |  2.8

Action                   |  1- 3 |  4- 6 || total
-------------------------+-------+-------++-------
Melee: Spear             |   162 |   201 ||   363
 Cast: Infusion          |    12 |     2 ||    14
  Use: Scroll            |     8 |     7 ||    15
       Potion            |       |     4 ||     4
  Eat: Bread ration      |     1 |       ||     1
       Chunk             |     1 |       ||     1
       Fruit             |       |     2 ||     2
       Meat ration       |       |     1 ||     1
Armor: Leather armour    |    14 |       ||    14
       Chain mail        |    70 |   104 ||   174
Dodge: Dodged            |    85 |    66 ||   151
